 Dungeon Crawl Stone Soup version 0.27.0-65-ge2af304b15 (webtiles) character file.

Game seed: 2797307820081123787

212 VictoriousLee the Chopper (level 6, -4/47 HPs)
             Began as a Formicid Abyssal Knight on Aug 18, 2021.
             Was a Believer of Lugonu.
             Slain by a gnoll (16 damage)
             ... on level 4 of the Dungeon.
             The game lasted 00:20:39 (4555 turns).

VictoriousLee the Chopper (Formicid Abyssal Knight) Turns: 4555, Time: 00:20:40

Health: -4/47      AC:  3    Str: 19    XL:     6   Next: 14%
Magic:  7/7        EV: 11    Int: 11    God:    Lugonu [**....]
Gold:   142        SH:  0    Dex: 10    Spells: 5/5 levels left

rFire    . . .     SeeInvis +   a - +1 hand axe
rCold    . . .     Faith    .   (no shield)
rNeg     . . .     Spirit   .   b - +0 leather armour
rPois    .         Reflect  .   (helmet unavailable)
rElec    .         Harm     .   (no cloak)
rCorr    .         Rampage  .   (no gloves)
Will     .....                  (no boots)
Stlth    +.........             (no amulet)
HPRegen  0.15/turn              (no ring)
MPRegen  0.10/turn              (no ring)

@: attractive
A: permanent stasis, dig shafts and tunnels, antennae 3, four strong arms
a: Dig, Shaft Self, Renounce Religion, Depart the Abyss, Bend Space


You were on level 4 of the Dungeon.
You worshipped Lugonu.
Lugonu was pleased with you.
You visited 2 branches of the dungeon, and saw 5 of its levels.
You visited the Abyss 1 time.

You collected 142 gold pieces.

Inventory:

Hand Weapons
 a - a +1 hand axe (weapon)
Missiles
 g - 102 stones
 k - 2 throwing nets
Armour
 b - a +0 leather armour (worn)
Wands
 n - a wand of digging (6)
 p - a wand of iceblast (7)
Scrolls
 c - a scroll of magic mapping {unknown}
 d - 4 scrolls of teleportation {unknown}
 e - a scroll of torment {unknown}
 f - 2 scrolls of enchant weapon {unknown}
 i - 2 scrolls of amnesia {unknown}
 j - 5 scrolls of identify {unknown}
 l - a scroll of enchant armour {unknown}
 s - a scroll of fear {unknown}
Potions
 h - a potion of mutation {unknown}
 m - a potion of brilliance {unknown}
 o - a potion of curing {unknown}
 q - a potion of attraction
 r - a potion of heal wounds {unknown}


   Skills:
 - Level 3.2 Fighting
 + Level 5.9 Axes
 - Level 2.1 Armour
 - Level 1.0 Dodging
 - Level 2.1 Invocations


You had 5 spell levels left.
You didn't know any spells.
Your spell library contained the following spells:

 Spells                   Type           Power      Damage    Failure   Level
 Summon Lightning Spire   Summ/Air       0%         N/A       99%         4
 Storm Form               Tmut/Air       0%         N/A       100%        7
 Maxwell's Capacitive Co  Air            0%         ∞         100%        8


Dungeon Overview and Level Annotations

Branches:
Dungeon (4/15)             Temple (1/1) D:4

Altars:
Elyvilon
Gozag
Hepliaklqana
Nemelex Xobeh
Qazlal
Ru
Trog
Vehumet
Wu Jian
Xom
Zin
The Shining One


Innate Abilities, Weirdness & Mutations

You cannot be hasted, slowed, berserked, paralysed or teleported.
You can dig through walls and to a lower floor.
You have a pair of large antennae on your head. (SInv)
Your four strong arms can wield two-handed weapons with a shield.


Message History

You dig through the rock wall.
Found a stone staircase leading up.
You retract your mandibles.
Found 9 gold pieces.
You now have 142 gold pieces (gained 9).
You extend your mandibles.
You dig through the rock wall.
The gnoll hits you with a +0 halberd.
You retract your mandibles.
You closely miss the gnoll. The gnoll hits you with a +0 halberd.
You closely miss the gnoll. The gnoll hits you with a +0 halberd!
You barely miss the gnoll. The gnoll barely misses you.
You hit the gnoll.
The gnoll is moderately wounded.
The gnoll closely misses you.
You barely miss the gnoll.
The gnoll is moderately wounded.
The gnoll hits you with a +0 halberd.
You hit the gnoll.
The gnoll is moderately wounded.
The gnoll barely misses you.
You closely miss the gnoll.
The gnoll is moderately wounded.
The gnoll closely misses you.
Your leather armour prevents you from hitting the gnoll.
The gnoll is moderately wounded.
The gnoll hits you with a +0 halberd!
* * * LOW HITPOINT WARNING * * *
It was a potion of attraction.
You feel attractive to monsters. The gnoll barely misses you.
You barely miss the gnoll.
The gnoll is moderately wounded.
The gnoll misses you.
You hit the gnoll.
The gnoll is heavily wounded.
The gnoll misses you.
You hit the gnoll.
The gnoll is almost dead.
The gnoll hits you with a +0 halberd!
You die...

#...#####.#.###.#
#.........#.....#
...>..#.########.#####
########.#......g.....#
#......#.#.##########.#
#........#....g.....#
#........##########.#.##
#.........g............#
#.......##@########.####
#.###.....####### #.#
#.#......<#)....... ..#
.#####..##..###### ###
............##
#.#..#...##..#
#.....#.#..#.#
#..#..#....#.#
#...##....#..#


You could see a gnoll.

Vanquished Creatures
  2 iguanas (D:3)
  A hound skeleton (D:4)
  A river rat (D:3)
  5 adders
  3 dart slugs
  An orc (D:3)
  7 ball pythons
  3 bats
  9 endoplasms
  2 giant cockroaches
  7 goblins
  4 hobgoblins
  9 jackals
  7 kobolds
  7 quokkas
  7 frilled lizards
  4 rats
79 creatures vanquished.

Notes
Turn   | Place    | Note
-------+----------+-------------------------------------------
     0 | Abyss:1  | VictoriousLee the Formicid Abyssal Knight began the quest
                  | for the Orb.
     0 | Abyss:1  | Reached XP level 1. HP: 18/18 MP: 2/2
    75 | Abyss:2  | Noticed a thrashing horror
    76 | D:1      | Escaped the Abyss
   105 | D:1      | Reached skill level 1 in Dodging
   164 | D:1      | Reached * piety under Lugonu
   267 | D:1      | Reached XP level 2. HP: 24/24 MP: 3/3
   310 | D:1      | Reached skill level 3 in Axes
   616 | D:1      | Reached XP level 3. HP: 22/29 MP: 4/4
   957 | D:1      | Found a faded altar of an unknown god.
  1520 | D:2      | Reached XP level 4. HP: 16/35 MP: 5/5
  1540 | D:2      | Reached skill level 4 in Axes
  1916 | D:2      | Reached ** piety under Lugonu
  2697 | D:3      | Reached XP level 5. HP: 25/41 MP: 6/6
  2916 | D:3      | Reached skill level 5 in Axes
  3771 | D:3      | Reached XP level 6. HP: 27/47 MP: 7/7
  4369 | D:4      | Found a staircase to the Ecumenical Temple.
  4386 | Temple   | Entered the Ecumenical Temple
  4555 | D:4      | Slain by a gnoll

Illustrated notes

Levels and vault maps discovered:
D:1:      lightli_iron_boxes, layout_basic,
          hellmonk_ecumenical_altar_pennies_from_heaven
D:2:      layout_loops_ring
D:3:      wad_crossroads, layout_basic, gup_sewer_entry_bowl
D:4:      layout_basic, minmay_overflow_temple_hex,
          minmay_temple_entry_mini_moons
Temple:   nicolae_temple_x_marks_the_god

Skill      XL: |  1  2  3  4  5 |
---------------+----------------+-----
Dodging        | 1 |  1.0
Axes           | 3 4 5 |  5.9
Fighting       | |  3.2
Armour         | |  2.1
Invocations    | |  2.1

Action                   |  1- 3 |  4- 6 || total
-------------------------+-------+-------++-------
Melee: Hand axe          |   118 |   199 ||   317
Invok: Depart the Abyss  |     1 |       ||     1
 Abil: Dig               |       |     3 ||     3
  Use: Potion            |       |     2 ||     2
Armor: Leather armour    |    22 |    45 ||    67
       Skin              |       |     6 ||     6
Dodge: Dodged            |    58 |   105 ||   163
